[Event "Titled Tuesday Blitz May 4 2021"]
[White "Nitin, S."]
[Black "Vega Gutierrez, Sabrina"]
[WhiteFideId "5018277"]
[BlackFideId "2219026"]
[WhiteElo "2431"]
[BlackElo "2281"]
[Result "1-0"]
[Round "11"]
[TimeControl "180+1"]
[Date "2021.05.04"]
[WhiteClock "0:00:39"]
[BlackClock "0:00:01"]

1. e4 c5 2. Nf3 Nc6 3. Bb5 e6 4. O-O Nge7 5. c3 a6 6. Ba4 b5 7. Bc2 d5 8. exd5 Nxd5 9. d4 cxd4 10. cxd4 Be7 11. Nc3 O-O 12. Re1 Nxc3 13. bxc3 Bb7 14. a4 Na5 15. axb5 axb5 16. Qd3 g6 17. Bh6 Re8 18. Ne5 Bg5 19. Bxg5 Qxg5 20. f3 Nc4 21. Rxa8 Rxa8 22. Bb3 Nxe5 23. dxe5 Rd8 24. Qe3 Qxe3+ 25. Rxe3 Rd2 26. h4 Kf8 27. Kh2 Ke7 28. Kg3 Kd7 29. c4 b4 30. Ba4+ Bc6 31. Bb5 Bxb5 32. cxb5 Kc7 33. Re4 Rb2 34. Rf4 Kb6 35. Rxf7 b3 36. Rd7 Re2 37. Rd3 b2 38. Rb3 Rd2 39. Kh3 Re2 40. g4 Rc2 41. Kg3 Rd2 42. Kf4 h5 43. Kg5 1-0


[Site "https://www.chess.com"]

[Event "Titled Tuesday Blitz May 4 2021"]
[White "Noboa Silva, Kevin"]
[Black "Karavaeva, Olga"]
[WhiteFideId "3618471"]
[BlackFideId "4124111"]
[WhiteElo "2161"]
[BlackElo "2105"]
[Result "1/2-1/2"]
[Round "11"]
[TimeControl "180+1"]
[Date "2021.05.04"]
[WhiteClock "0:00:05"]
[BlackClock "0:00:11"]

1. d4 d5 2. c4 e6 3. Nc3 c6 4. e3 Nf6 5. Qc2 Nbd7 6. Nf3 Bd6 7. Bd3 O-O 8. b3 dxc4 9. Bxc4 e5 10. dxe5 Nxe5 11. Nxe5 Bxe5 12. Bb2 Qc7 13. Rd1 Bg4 14. f3 Bh5 15. Bd3 Bxh2 16. Ke2 Rfe8 17. Ne4 Nxe4 18. Bxe4 Bg6 19. Bxg6 hxg6 20. Qc3 Be5 21. Qc2 Bxb2 22. Qxb2 Qg3 23. Rdg1 Rad8 24. Rh3 Qg5 25. Qc3 Rd5 26. g4 Rc5 27. f4 Qd5 28. Qd3 Qxd3+ 29. Kxd3 Rd8+ 30. Ke4 Rd2 31. g5 Rxa2 32. Rgh1 Kf8 33. Rd1 Ke7 34. Rh8 Rd5 35. Rxd5 cxd5+ 36. Kxd5 Rb2 37. Ra8 Rxb3 38. Rxa7 Rb5+ 39. Kc4 Rb1 40. Kd4 Kd6 41. Ra8 Rb4+ 42. Kd3 Rb3+ 43. Kd4 Rb1 44. Rg8 Rd1+ 45. Ke4 b5 46. Rxg7 Ke6 47. Rg8 Rc1 48. Rb8 Rc4+ 49. Kd3 Rc5 50. Kd4 Rc4+ 51. Kd3 Rc5 52. e4 Ke7 53. Kd4 Rc4+ 54. Kd5 Rc1 55. Rxb5 Rf1 56. Ke5 Re1 57. Rb7+ Ke8 58. Ra7 Re2 59. f5 gxf5 60. Kxf5 Rf2+ 61. Ke5 Rg2 62. Kf6 Rf2+ 63. Ke5 Rg2 64. Kf4 Rf2+ 65. Ke3 Rg2 66. Ra5 Ke7 67. Rf5 Ke6 68. Kd4 Rg4 69. Rf6+ Ke7 70. Rf5 Ke6 71. Ra5 Ke7 72. Ke3 Ke6 73. Kf3 Rg1 74. Kf4 Ke7 75. Kf5 Rf1+ 76. Ke5 Rg1 77. Kf4 Rf1+ 78. Kg3 Rg1+ 79. Kf3 Rf1+ 80. Ke2 Rg1 81. Ke3 Rg3+ 82. Kf4 Rg1 83. Rf5 Rf1+ 84. Ke5 Rg1 85. Kd5 Rg2 86. Re5+ Kd7 87. Kd4 Rg1 88. Ke3 Kd6 89. Rd5+ Ke6 90. Rf5 Rg3+ 91. Kf4 Rg1 92. Rf6+ Ke7 93. e5 Rf1+ 94. Kg4 Rg1+ 95. Kf5 Rf1+ 96. Ke4 Re1+ 97. Kd5 Rg1 98. g6 Rxg6 99. Rf1 Rg2 100. Ra1 Rd2+ 101. Ke4 Re2+ 102. Kf4 Rf2+ 103. Ke3 Rh2 104. Ra6 Rh1 105. Rb6 Re1+ 106. Kf4 Rf1+ 107. Ke4 Re1+ 108. Kd4 Rd1+ 109. Kc3 Re1 110. Kd4 Rd1+ 111. Ke4 Re1+ 112. Kf5 Rf1+ 113. Kg5 Rg1+ 114. Kf4 Rf1+ 115. Kg3 Re1 116. Rb5 Ke6 117. Kf4 Rf1+ 118. Ke4 Re1+ 119. Kd4 Rd1+ 120. Ke3 Re1+ 121. Kf4 Rf1+ 122. Kg4 Rg1+ 123. Kf3 Re1 124. Kf2 Rxe5 125. Rb8 Kf5 126. Kf3 f6 127. Rf8 Ra5 128. Rb8 Ra3+ 129. Kf2 Kf4 130. Rb4+ Kg5 131. Rb5+ f5 132. Rb4 f4 133. Rb8 Kg4 134. Rg8+ Kf5 135. Rf8+ Kg4 136. Rg8+ Kf5 137. Rf8+ Kg4 138. Rg8+ 1/2-1/2


[Site "https://www.chess.com"]

[Event "Titled Tuesday Blitz May 4 2021"]
[White "Oliveira, Silvio Eduardo"]
[Black "Ronka, Erik"]
[WhiteFideId "2111560"]
[BlackFideId "505080"]
[WhiteElo "2302"]
[BlackElo "2264"]
[Result "1-0"]
[Round "11"]
[TimeControl "180+1"]
[Date "2021.05.04"]
[WhiteClock "0:00:17"]
[BlackClock "0:00:01"]

1. e4 c6 2. d4 d5 3. exd5 cxd5 4. Bd3 Nf6 5. c3 Nc6 6. Bf4 Bg4 7. Qb3 Qc8 8. Nd2 Bh5 9. Ngf3 Bg6 10. Be2 e6 11. Ne5 Nxe5 12. dxe5 Nd7 13. O-O Nc5 14. Bb5+ Nd7 15. c4 a6 16. Ba4 dxc4 17. Bxd7+ Qxd7 18. Nxc4 Bc5 19. Rfd1 Qb5 20. Nd6+ Bxd6 21. exd6 Qxb3 22. axb3 Kd7 23. Rac1 Rac8 24. Rc7+ Rxc7 25. dxc7+ Kc8 26. b4 f6 27. Bd6 Re8 28. f4 e5 29. fxe5 fxe5 30. Kf2 Bc2 31. Rd2 Bb1 32. Ke3 e4 33. Bf4 Bd3 34. Rd1 h6 35. h4 g5 36. hxg5 hxg5 37. Bg3 Re6 38. Rh1 Re8 39. Rh7 b6 40. Rg7 a5 41. bxa5 bxa5 42. Rxg5 Kb7 43. Rxa5 Rg8 44. Bf4 Rxg2 45. Ra7+ Kxa7 46. c8=Q Re2+ 47. Kd4 Rxb2 48. Qc7+ Rb7 49. Qa5+ Ba6 50. Be3 Rb5 51. Kxe4+ Kb7 52. Qd8 Rb1 53. Qd7+ Kb8 54. Bf4+ Ka8 55. Qd8+ Ka7 56. Be3+ Kb7 57. Qd5+ Kb8 58. Bf4+ Ka7 59. Be3+ 1-0


[Site "https://www.chess.com"]

[Event "Titled Tuesday Blitz May 4 2021"]
[White "Onufrienko, Vladislav"]
[Black "Karttunen, Mika"]
[WhiteFideId "13804332"]
[BlackFideId "502081"]
[WhiteElo "1661"]
[BlackElo "2343"]
[Result "0-1"]
[Round "11"]
[TimeControl "180+1"]
[Date "2021.05.04"]
[WhiteClock "0:00:05"]
[BlackClock "0:00:18"]

1. e4 e5 2. Nf3 Nc6 3. Bc4 Bc5 4. b4 Bxb4 5. c3 Be7 6. d4 Na5 7. Be2 d6 8. dxe5 dxe5 9. Qa4+ c6 10. Nxe5 Nf6 11. O-O O-O 12. Nd2 Qc7 13. f4 b5 14. Qc2 Bd6 15. Ndf3 Nb7 16. h3 Nc5 17. Bd3 Nxd3 18. Qxd3 Rd8 19. Qc2 Bb7 20. Re1 c5 21. c4 a6 22. Bb2 b4 23. Rad1 Nh5 24. Qc1 f6 25. Nd3 Bxf4 26. Nxf4 Qxf4 27. Qc2 Rxd1 28. Qxd1 Bxe4 29. Bc1 Bxf3 30. Qd7 Qd4+ 31. Qxd4 cxd4 32. gxf3 Rc8 33. Rd1 Rxc4 34. Bb2 Nf4 35. Kf2 Ne6 36. Rd2 Kf7 37. Kg3 g5 38. Kg4 Kg6 39. Kg3 h5 40. Kf2 h4 41. Ke2 Kf5 42. Kd3 Rc5 0-1


[Site "https://www.chess.com"]

[Event "Titled Tuesday Blitz May 4 2021"]
[White "Pajeken, Jakob Leon"]
[Black "Shukhman, Anna"]
[WhiteFideId "12942839"]
[BlackFideId "54180058"]
[WhiteElo "2024"]
[BlackElo "1628"]
[Result "1-0"]
[Round "11"]
[TimeControl "180+1"]
[Date "2021.05.04"]
[WhiteClock "0:02:01"]
[BlackClock "0:00:48"]

1. d4 f5 2. Nf3 Nf6 3. g3 g6 4. Bg2 Bg7 5. O-O O-O 6. b3 d6 7. Bb2 Qe8 8. c4 Nbd7 9. d5 e5 10. dxe6 Qxe6 11. Nc3 c6 12. Qc2 Nc5 13. Rad1 Nce4 14. Nxe4 Nxe4 15. Bxg7 Kxg7 16. Nd4 Qe5 17. e3 a6 18. Ne2 Bd7 19. Rd4 c5 20. Rd5 Qe7 21. Rfd1 Bc6 22. Bxe4 fxe4 23. Rxd6 Rad8 24. Rxd8 Rxd8 25. Rxd8 Qxd8 26. Nc3 b5 27. Nxe4 bxc4 28. Qxc4 Qd1+ 29. Kg2 Qb1 30. f3 Qxa2+ 31. Kh3 Qf2 32. Qc3+ Kh6 33. Qf6 Qf1+ 34. Kg4 Bd7+ 35. Kf4 Qa1 1-0


[Site "https://www.chess.com"]

[Event "Titled Tuesday Blitz May 4 2021"]
[White "PattyCastillo"]
[Black "Pasti, Aron"]
[BlackFideId "785857"]
[WhiteElo "2038"]
[BlackElo "2082"]
[Result "1-0"]
[Round "11"]
[TimeControl "180+1"]
[Date "2021.05.04"]
[WhiteClock "0:01:08"]
[BlackClock "0:01:28"]

1. d4 d5 2. Nf3 Nf6 3. e3 Bf5 4. c4 e6 5. Qb3 Qc8 6. Nc3 c6 7. Bd2 Nbd7 8. Rc1 Be7 9. cxd5 exd5 10. e4 Bxe4 11. Nxe4 Nxe4 12. Bd3 Nxd2 13. Nxd2 O-O 14. O-O Bd6 15. Nf3 Nf6 16. Rfe1 Qd7 17. Ne5 Bxe5 18. dxe5 Ng4 19. h3 Nh6 20. Qc2 Rfe8 21. Bxh7+ Kh8 22. Bd3 Ng8 23. Re3 Ne7 24. Rce1 Qe6 25. Qa4 b5 26. Qh4+ Qh6 27. Qxh6+ gxh6 28. e6 fxe6 29. Rxe6 1-0


[Site "https://www.chess.com"]

[Event "Titled Tuesday Blitz May 4 2021"]
[White "Perez Gormaz, Matias"]
[Black "Mekhitarian, Krikor Sevag"]
[WhiteFideId "3406342"]
[BlackFideId "2107660"]
[WhiteElo "2414"]
[BlackElo "2598"]
[Result "1/2-1/2"]
[Round "11"]
[TimeControl "180+1"]
[Date "2021.05.04"]
[WhiteClock "0:00:06"]
[BlackClock "0:00:04"]

1. e4 c5 2. Nf3 d6 3. g3 Nc6 4. Bg2 g6 5. O-O Bg7 6. c3 e5 7. a3 a5 8. a4 Nge7 9. Na3 O-O 10. d3 h6 11. Nb5 Be6 12. Nd2 d5 13. exd5 Bxd5 14. Nc4 Bxg2 15. Kxg2 Rb8 16. f4 Qd5+ 17. Qf3 Rfd8 18. fxe5 Qxd3 19. Nbd6 Qxf3+ 20. Rxf3 Rf8 21. Be3 b6 22. Re1 Nd5 23. Bc1 Nc7 24. h4 Ne6 25. Ref1 Ned8 26. Bf4 Ne6 27. Bc1 Ncd8 28. Ne4 Rb7 29. Rd1 Nc6 30. Nf6+ Kh8 31. Rd7 Rfb8 32. Nd6 Rxd7 33. Nxd7 Ra8 34. Nxb6 Rb8 35. Nbc4 Kg8 36. Nxf7 Rf8 37. Nxh6+ Bxh6 38. Bxh6 Rb8 39. Rf6 Ncd8 40. Rxg6+ Kf7 41. Rf6+ Ke7 42. Bg5 Kd7 43. Be3 Nc6 44. g4 Ne7 45. h5 Nd5 46. Kf3 Nxf6 47. exf6 Rg8 48. Ke4 Rxg4+ 49. Kd5 Nc7+ 50. Kxc5 Ne6+ 51. Kd5 Nc7+ 52. Kc5 Ne6+ 53. Kd5 Nc7+ 54. Kc5 1/2-1/2


[Site "https://www.chess.com"]

[Event "Titled Tuesday Blitz May 4 2021"]
[White "Perez Rodriguez, Jennifer"]
[Black "Priyanka, K"]
[WhiteFideId "3507831"]
[BlackFideId "5082986"]
[WhiteElo "2170"]
[BlackElo "1893"]
[Result "0-1"]
[Round "11"]
[TimeControl "180+1"]
[Date "2021.05.04"]
[WhiteClock "0:00:12"]
[BlackClock "0:00:05"]

1. e4 c5 2. c3 Nf6 3. e5 Nd5 4. Nf3 e6 5. d4 cxd4 6. cxd4 d6 7. Bc4 Nc6 8. O-O Be7 9. Qe2 O-O 10. Qe4 Ndb4 11. Bb3 d5 12. Qg4 a5 13. Bh6 g6 14. Bxf8 Bxf8 15. Nc3 h5 16. Qf4 b6 17. a3 Nd3 18. Qd2 Ba6 19. Rfd1 Kh7 20. Ng5+ Kg8 21. Rab1 Nxd4 22. Ba2 Bh6 23. h4 Nf5 24. g3 Nxe5 25. Qf4 Nc6 26. Nxd5 exd5 27. Bxd5 Bxg5 28. hxg5 Qe8 29. Rbc1 Nce7 30. Bxa8 Qxa8 31. Qc7 Qf3 32. Rd8+ Kh7 33. Qe5 Ng7 34. Qxe7 Bb7 35. Kf1 Qh1+ 36. Ke2 Qxc1 37. Qxb7 Qxb2+ 38. Rd2 Qe5+ 39. Kf1 Qxg5 40. Qxf7 Qxd2 41. Qf6 Qc1+ 42. Kg2 Qxa3 43. Qxb6 Qb4 44. Qf6 a4 45. Qa6 a3 46. Kh2 Qb2 47. Kg2 a2 0-1


[Site "https://www.chess.com"]

[Event "Titled Tuesday Blitz May 4 2021"]
[White "Petrova, Irina"]
[Black "Baker, Chris W"]
[WhiteFideId "14124122"]
[BlackFideId "401676"]
[WhiteElo "2022"]
[BlackElo "2247"]
[Result "0-1"]
[Round "11"]
[TimeControl "180+1"]
[Date "2021.05.04"]
[WhiteClock "0:00:01"]
[BlackClock "0:00:13"]

1. e4 e5 2. Nf3 Nc6 3. Bb5 a6 4. Ba4 Nf6 5. O-O Be7 6. Bxc6 dxc6 7. d3 Nd7 8. Nbd2 O-O 9. b3 f6 10. Nc4 Nc5 11. Bb2 Ne6 12. Nh4 Nf4 13. Qf3 Be6 14. Ne3 g6 15. Rad1 c5 16. c3 Qe8 17. d4 cxd4 18. cxd4 Bd6 19. d5 Bd7 20. g3 Nh3+ 21. Kg2 Ng5 22. Qe2 Bh3+ 23. Kg1 Bxf1 24. Nxf1 Qd7 25. f3 Qh3 26. Ng2 f5 27. exf5 Rxf5 28. Nh4 Rf7 29. Bxe5 Re8 30. f4 Rxf4 31. gxf4 Qxh4 32. Re1 Nh3+ 33. Kh1 Nf2+ 34. Kg2 Ng4 35. Ng3 Bxe5 36. fxe5 Qxh2+ 37. Kf3 Nxe5+ 38. Kf4 Qh4+ 39. Ke3 Nc4+ 40. Kd3 Qxg3+ 41. Kxc4 Rxe2 42. Rxe2 Qg4+ 43. Kd3 Qf5+ 44. Kc4 Qg4+ 45. Kd3 h5 46. Re8+ Kf7 47. Re4 Qf3+ 48. Kd4 g5 49. Re5 Qf4+ 50. Re4 Qd2+ 51. Ke5 h4 52. Kf5 Qf2+ 53. Kxg5 Qg2+ 54. Kf4 h3 55. Re5 h2 56. Rf5+ Kg6 57. Rg5+ Qxg5+ 0-1


[Site "https://www.chess.com"]

[Event "Titled Tuesday Blitz May 4 2021"]
[White "Piesik, Piotr"]
[Black "Novikov, Evgenij"]
[WhiteFideId "1136194"]
[BlackFideId "4125380"]
[WhiteElo "2369"]
[BlackElo "2242"]
[Result "1-0"]
[Round "11"]
[TimeControl "180+1"]
[Date "2021.05.04"]
[WhiteClock "0:00:10"]
[BlackClock "0:00:07"]

1. Nf3 d5 2. g3 Bg4 3. Bg2 Bxf3 4. Bxf3 c6 5. O-O Nf6 6. d3 e6 7. Nd2 Nbd7 8. e4 Bc5 9. Qe2 Qc7 10. Nb3 Be7 11. Bf4 Bd6 12. Be3 a5 13. a4 h5 14. Bg2 Ng4 15. h3 Nxe3 16. Qxe3 h4 17. g4 Bf4 18. Qe2 O-O 19. Nd4 Qe5 20. Nf3 Qf6 21. d4 dxe4 22. Qxe4 g5 23. Rfe1 Rfd8 24. c3 Kg7 25. Rab1 Nb6 26. Qc2 Bc7 27. Ne5 Nd5 28. Bxd5 Rxd5 29. Nd3 Rad8 30. Re3 e5 31. dxe5 Bxe5 32. Nxe5 Rxe5 33. Rbe1 Rde8 34. Qd3 Rxe3 35. Rxe3 Rd8 36. Qe4 Rd1+ 37. Kg2 Rd2 38. Rf3 Qd6 39. Qf5 f6 40. Qxa5 Rxb2 41. Qf5 b5 42. axb5 Rxb5 43. Qd3 Rd5 44. Qa6 Qd7 45. Qc4 Qd6 46. Qa4 Qd7 47. Re3 Re5 48. Rxe5 fxe5 49. Qe4 Qd5 50. Kf3 Kf6 51. c4 Qd1+ 52. Kg2 Qd7 53. Qc2 Qe6 54. Qh7 Qxc4 55. Qh6+ Kf7 56. Qxg5 Qe4+ 57. Kg1 Qe1+ 58. Kg2 Qe4+ 59. Kh2 Qf4+ 60. Qxf4+ exf4 61. Kg2 c5 62. Kf3 Ke6 63. Kxf4 Kd5 64. Ke3 Kc4 65. Kd2 Kb3 66. Kc1 Kc4 67. f4 Kd5 68. f5 Ke5 69. Kc2 Kf4 70. f6 Kg3 71. f7 Kxh3 72. f8=Q Kg2 73. Qa8+ Kg3 74. g5 h3 75. g6 Kh2 76. Qf3 c4 77. g7 c3 78. Kxc3 Kg1 79. g8=Q+ Kh2 80. Qgg3# 1-0


[Site "https://www.chess.com"]

[Event "Titled Tuesday Blitz May 4 2021"]
[White "Pinto, Daniel"]
[Black "Mortazavi, Ali"]
[WhiteFideId "3303144"]
[BlackFideId "401323"]
[WhiteElo "1936"]
[BlackElo "2339"]
[Result "0-1"]
[Round "11"]
[TimeControl "180+1"]
[Date "2021.05.04"]
[WhiteClock "0:00:04"]
[BlackClock "0:00:37"]

1. e4 c6 2. Nf3 d5 3. Nc3 dxe4 4. Nxe4 Nf6 5. Nxf6+ exf6 6. d4 Bd6 7. Bd3 O-O 8. O-O Bg4 9. h3 Bh5 10. c3 Re8 11. g4 Bg6 12. Nh4 Nd7 13. f4 Bxd3 14. Qxd3 Bf8 15. Bd2 g6 16. f5 g5 17. Nf3 Nc5 18. Qc2 Ne4 19. Rae1 Nxd2 20. Qxd2 Qd5 21. b3 b5 22. Kf2 Bd6 23. Nxg5 a5 24. Nf3 a4 25. b4 a3 26. Rxe8+ Rxe8 27. Rg1 Re4 28. g5 Bf4 29. gxf6+ Kf8 30. Qc2 Re3 0-1


[Site "https://www.chess.com"]

[Event "Titled Tuesday Blitz May 4 2021"]
[White "Piorun, Kacper"]
[Black "Zhigalko, Sergei"]
[WhiteFideId "1130420"]
[BlackFideId "13502956"]
[WhiteElo "2535"]
[BlackElo "2662"]
[Result "1-0"]
[Round "11"]
[TimeControl "180+1"]
[Date "2021.05.04"]
[WhiteClock "0:00:05"]
[BlackClock "0:00:02"]

1. e4 c5 2. Nf3 Nc6 3. Bb5 Nf6 4. Nc3 Qc7 5. O-O Nd4 6. e5 Nxf3+ 7. Qxf3 Qxe5 8. d3 e6 9. Ba6 Qc7 10. Bf4 Qc6 11. Qxc6 dxc6 12. Bc4 Nd5 13. Bd2 b5 14. Bb3 a5 15. a4 b4 16. Ne4 Ba6 17. Bc4 Be7 18. Rae1 Kd7 19. b3 f5 20. Ng3 Bf6 21. Nh5 Bd4 22. g3 g6 23. Nf4 Rhe8 24. Kg2 Kd6 25. Nh3 Re7 26. Bg5 Ree8 27. Bc1 Ra7 28. Ng5 Bc3 29. Re2 h5 30. h4 e5 31. f4 Bxc4 32. dxc4 Nf6 33. Rd1+ Ke7 34. fxe5 Ng4 35. Bf4 Rd7 36. Rd6 Red8 37. Re6+ Kf8 38. Rxg6 Rd2 39. Bxd2 Rxd2 40. Rxd2 Bxd2 41. Rxc6 Be3 42. e6 Ke7 43. Rc7+ Kf6 44. Rf7+ Kg6 45. e7 Bxg5 46. e8=Q Ne3+ 47. Kf3 Nxc2 48. Qg8+ Kh6 49. Rh7# 1-0


[Site "https://www.chess.com"]

[Event "Titled Tuesday Blitz May 4 2021"]
[White "Plotnikov, Pavel"]
[Black "Josse, Mark"]
[WhiteFideId "4170342"]
[BlackFideId "414476"]
[WhiteElo "2298"]
[BlackElo "2281"]
[Result "1-0"]
[Round "11"]
[TimeControl "180+1"]
[Date "2021.05.04"]
[WhiteClock "0:01:16"]
[BlackClock "0:01:14"]

1. e4 e5 2. Nf3 Nc6 3. Bc4 Bc5 4. O-O Nf6 5. d3 d6 6. Nbd2 a6 7. c3 Ba7 8. Bb3 O-O 9. Re1 Ne7 10. Nf1 Ng6 11. Ng3 h6 12. h3 Re8 13. d4 c6 14. Bc2 Be6 15. Be3 Qe7 16. Qd2 Rad8 17. a3 Kh7 18. Rad1 Rd7 19. Qc1 b5 20. a4 Rdd8 21. Qa1 Ra8 22. a5 Rad8 23. Qa3 Bc8 24. dxe5 Nxe5 25. Nxe5 Bxe3 26. Nxc6 Bc5 27. b4 1-0


[Site "https://www.chess.com"]

[Event "Titled Tuesday Blitz May 4 2021"]
[White "Porter, Ryan W"]
[Black "Mohota, Nisha"]
[WhiteFideId "2011239"]
[BlackFideId "5004330"]
[WhiteElo "2377"]
[BlackElo "2117"]
[Result "0-1"]
[Round "11"]
[TimeControl "180+1"]
[Date "2021.05.04"]
[WhiteClock "0:00:04"]
[BlackClock "0:00:10"]

1. c4 e5 2. Nc3 Nf6 3. Nf3 Nc6 4. e3 Bb4 5. Qc2 Bxc3 6. Qxc3 Qe7 7. d4 Ne4 8. Qd3 exd4 9. Nxd4 Nb4 10. Qd1 O-O 11. Be2 d5 12. a3 c5 13. Nf3 Na6 14. Qxd5 Rd8 15. Qe5 Qxe5 16. Nxe5 Be6 17. f3 f6 18. Nd3 Bxc4 19. Nf4 Bxe2 20. Kxe2 Nd6 21. Bd2 Nc4 22. Bc3 Re8 23. Nd5 Rad8 24. Rad1 Nb8 25. Ne7+ Kf7 26. Rxd8 Rxd8 27. Nf5 Nc6 28. Rd1 Rxd1 29. Kxd1 g6 30. Nh6+ Kg7 31. Ng4 N6e5 32. Nxe5 fxe5 33. Ke2 Kf6 34. a4 Ke6 35. Kd3 Nb6 36. b3 Nd5 37. Bd2 b6 38. e4 Ne7 39. Kc4 a6 40. a5 bxa5 41. Kxc5 Nc8 42. Bxa5 g5 43. Kc6 h5 44. Bb4 Na7+ 45. Kb7 Nb5 0-1


[Site "https://www.chess.com"]

[Event "Titled Tuesday Blitz May 4 2021"]
[White "Preotu, Razvan"]
[Black "Sztokbant, Bernardo Vainzoff"]
[WhiteFideId "2613280"]
[BlackFideId "2115956"]
[WhiteElo "2407"]
[BlackElo "2264"]
[Result "1-0"]
[Round "11"]
[TimeControl "180+1"]
[Date "2021.05.04"]
[WhiteClock "0:00:28"]
[BlackClock "0:00:02"]

1. e4 c5 2. Nf3 d6 3. d4 cxd4 4. Nxd4 Nf6 5. Nc3 a6 6. Be2 e5 7. Nb3 Be7 8. O-O O-O 9. Be3 Be6 10. Nd5 Nxd5 11. exd5 Bf5 12. c4 Nd7 13. Bd3 Bg6 14. Qd2 f5 15. f4 Bf6 16. Rae1 Qc7 17. Na5 Nc5 18. Bb1 Rae8 19. b4 Nd7 20. Rc1 Kh8 21. c5 exf4 22. Bxf4 Ne5 23. Kh1 dxc5 24. bxc5 Qd7 25. c6 bxc6 26. dxc6 Qxd2 27. Bxd2 Rc8 28. Bxf5 Bxf5 29. Rxf5 Nd3 30. Rcf1 Rfe8 31. g4 Kg8 32. g5 Bd4 33. Rd5 Nf2+ 34. Kg2 Bb6 35. Rxf2 Bxf2 36. Kxf2 Rf8+ 37. Kg3 Rfe8 38. Bf4 Re2 39. c7 Kf7 40. Rd8 Re8 41. Nc6 Ke6 42. Rxc8 Rxc8 43. Na7 Kd7 44. Nxc8 Kxc8 1-0


[Site "https://www.chess.com"]

[Event "Titled Tuesday Blitz May 4 2021"]
[White "Ptacnikova, Lenka"]
[Black "Torkkola, Henri"]
[WhiteFideId "305650"]
[BlackFideId "507660"]
[WhiteElo "1984"]
[BlackElo "2137"]
[Result "1-0"]
[Round "11"]
[TimeControl "180+1"]
[Date "2021.05.04"]
[WhiteClock "0:00:06"]
[BlackClock "0:00:18"]

1. g4 g6 2. h4 h6 3. Bg2 c6 4. e4 e5 5. d4 d6 6. dxe5 dxe5 7. Qxd8+ Kxd8 8. Nd2 Bxg4 9. Nc4 Bg7 10. Be3 Kc7 11. Nf3 Bxf3 12. Bxf3 b5 13. Na5 h5 14. Rd1 Bh6 15. Bc5 Nd7 16. Bd6+ Kb6 17. b4 Ngf6 18. c4 Rac8 19. c5+ Ka6 20. a4 Bf8 21. Be2 Bxd6 22. axb5+ cxb5 23. Rxd6+ Nb6 24. Rxf6 Rhd8 25. cxb6 axb6 26. Nc6 Rd7 27. Nxe5 Rd4 28. f3 Rxb4 29. Kf2 Ra4 30. Rb1 Ra2 31. Ke3 Rc3+ 32. Kd4 Rc5 33. Bd3 Ra4+ 34. Ke3 Rxe5 35. Rb2 Rc5 36. Rb3 Rc1 37. Rxf7 Ra5 38. Re7 Rh1 39. Re5 Rxh4 40. Bxb5+ Kb7 41. Rd3 Rxb5 42. Rxb5 Kc6 43. Rdb3 Rh1 44. Rxb6+ Kc5 45. Rxg6 h4 46. Rd3 h3 47. Rd5+ Kc4 48. Rh5 h2 49. Rgh6 Re1+ 50. Kf4 Ra1 51. Rxh2 Kd4 52. Rd2+ Kc3 53. Rd5 Ra8 54. Rc6+ Kb4 55. Ke3 Rf8 56. Rd1 Rh8 57. Rb1+ Ka5 58. Rc7 Ra8 59. Rc2 Rb8 60. Ra2# 1-0


[Site "https://www.chess.com"]

[Event "Titled Tuesday Blitz May 4 2021"]
[White "Quintiliano Pinto, Renato R."]
[Black "Villegas, Pierre"]
[WhiteFideId "2117568"]
[BlackFideId "654183"]
[WhiteElo "2439"]
[BlackElo "2411"]
[Result "1/2-1/2"]
[Round "11"]
[TimeControl "180+1"]
[Date "2021.05.04"]
[WhiteClock "0:00:39"]
[BlackClock "0:00:42"]

1. d4 d5 2. c4 e6 3. Nc3 a6 4. cxd5 exd5 5. Bf4 Nf6 6. e3 c5 7. dxc5 Bxc5 8. Nf3 Nc6 9. Be2 O-O 10. O-O d4 11. exd4 Nxd4 12. Nxd4 Qxd4 13. Qxd4 Bxd4 14. Bf3 Bg4 15. Bxb7 Ra7 16. Bc6 Rc8 17. Ba4 Bxc3 18. bxc3 Nd5 19. Be5 Nxc3 20. Bb3 Re7 21. Bd6 Rd7 22. Bb4 Ne2+ 23. Kh1 Be6 24. Rfe1 Nd4 25. Bxe6 Nxe6 26. Rac1 Rdc7 27. Rxc7 Rxc7 28. Kg1 Rc2 29. a3 h5 30. h3 Nd4 31. Re4 Rc1+ 32. Kh2 Nc6 33. Re8+ Kh7 34. Ra8 Nxb4 35. axb4 Rb1 36. Rxa6 Rxb4 37. Ra2 1/2-1/2


[Site "https://www.chess.com"]

[Event "Titled Tuesday Blitz May 4 2021"]
[White "Quparadze, Giga"]
[Black "Timmermans, Mark"]
[WhiteFideId "13602250"]
[BlackFideId "1026399"]
[WhiteElo "2658"]
[BlackElo "2460"]
[Result "1-0"]
[Round "11"]
[TimeControl "180+1"]
[Date "2021.05.04"]
[WhiteClock "0:00:51"]
[BlackClock "0:00:14"]

1. e4 e5 2. Nf3 Nc6 3. Bb5 f5 4. d3 fxe4 5. dxe4 Nf6 6. O-O d6 7. Nc3 Be7 8. Nd5 O-O 9. Bc4 Kh8 10. Nxf6 Bxf6 11. Qd3 Qe8 12. c3 Qg6 13. Nd2 Bg5 14. Nb3 Bxc1 15. Raxc1 Bd7 16. Nd2 Rf4 17. g3 Raf8 18. f3 Qg5 19. Qe3 Bh3 20. Rf2 h6 21. Kh1 R4f6 22. Qxg5 hxg5 23. Kg1 Bc8 24. Rcf1 Bh3 25. Re1 Bc8 26. Be2 Kh7 27. Kg2 Kg6 28. Ref1 Rh8 29. Kg1 Bh3 30. Re1 Bc8 31. Bf1 Nd8 32. Bg2 Ne6 33. b4 Rhf8 34. Bh3 b6 35. Bf5+ Rxf5 36. exf5+ Kxf5 37. Ne4 Bb7 38. Nd2 Kg6 39. Re3 Ra8 40. Ne4 a5 41. b5 Rf8 42. a4 Bd5 43. Nd2 Nc5 44. c4 Be6 45. Ra3 Rd8 46. Re2 g4 47. f4 exf4 48. gxf4 Kf5 49. Rae3 Bd7 50. Ne4 Nxa4 51. Ng3+ Kf6 52. Re7 g6 53. Rh7 Nc5 54. Ree7 Be6 55. Rxc7 Bxc4 56. Rc6 a4 57. Ra7 Bxb5 58. Rxb6 Be8 59. Ra5 Ke7 60. f5 gxf5 61. Nxf5+ Kf8 62. Nxd6 Nb3 63. Rf5+ Kg7 64. Rg5+ Kh6 65. Nf7+ 1-0


[Site "https://www.chess.com"]

[Event "Titled Tuesday Blitz May 4 2021"]
[White "Real De Azua, Ernesto"]
[Black "Vignesh, N R"]
[WhiteFideId "108154"]
[BlackFideId "25012215"]
[WhiteElo "2476"]
[BlackElo "2401"]
[Result "0-1"]
[Round "11"]
[TimeControl "180+1"]
[Date "2021.05.04"]
[WhiteClock "0:00:05"]
[BlackClock "0:00:15"]

1. d4 Nf6 2. c4 e6 3. Nc3 Bb4 4. e3 O-O 5. Bd2 c5 6. a3 Bxc3 7. Bxc3 Ne4 8. Rc1 b6 9. Nf3 Bb7 10. Bd3 d6 11. O-O Nd7 12. Bxe4 Bxe4 13. Nd2 Bb7 14. f3 Rc8 15. Qe2 Re8 16. e4 cxd4 17. Bxd4 d5 18. cxd5 exd5 19. Rxc8 Qxc8 20. Qe3 dxe4 21. fxe4 Qc2 22. Bc3 f6 23. Qg3 Bxe4 24. Qg4 Qd3 25. h3 Bg6 26. Rf3 Qd5 27. Qg3 Nc5 28. Re3 Rxe3 29. Qxe3 h5 30. Qe7 Na4 31. Qe3 Nxc3 32. Qxc3 Kh7 33. Nf3 Be4 34. Ne1 a5 35. Qe3 Qc5 36. Kf2 Kg6 37. g3 Kf5 38. Qxc5+ bxc5 39. Ke3 a4 40. Kf2 Ke5 41. Ke3 g5 42. h4 gxh4 43. gxh4 f5 0-1


[Site "https://www.chess.com"]

[Event "Titled Tuesday Blitz May 4 2021"]
[White "Remolar Gallen, Jose"]
[Black "Albuquerque Junior,Wellington S."]
[WhiteFideId "2215187"]
[BlackFideId "2151480"]
[WhiteElo "2203"]
[BlackElo "2042"]
[Result "0-1"]
[Round "11"]
[TimeControl "180+1"]
[Date "2021.05.04"]
[WhiteClock "0:00:02"]
[BlackClock "0:00:16"]

1. e4 c5 2. Nf3 d6 3. d4 cxd4 4. Nxd4 Nf6 5. Nc3 Nc6 6. Bc4 Qb6 7. Nb3 Bg4 8. f3 Bd7 9. Qe2 e6 10. Be3 Qc7 11. O-O-O a6 12. Rhe1 Ne5 13. Bd3 Rc8 14. Kb1 b5 15. f4 Nc4 16. Bc1 Be7 17. g4 h6 18. h4 b4 19. Nd5 exd5 20. exd5 Bxg4 21. Qg2 O-O 22. Bxc4 Qxc4 23. Rd4 Qc7 24. f5 Bxf5 25. Re2 Kh7 26. Rf4 Bg6 27. Nd4 Nh5 28. Rg4 Bf6 29. Nc6 a5 30. Rf2 Qd7 31. Qf3 a4 32. Rfg2 b3 33. axb3 axb3 34. Qxb3 Rxc6 35. dxc6 Qxc6 36. Rd2 Rb8 37. Rb4 Rxb4 38. Qxb4 Be5 39. Qb3 Qh1 40. Qc4 Nf4 41. h5 Nxh5 42. b4 Bf4 43. Qc3 Bxd2 44. Qxd2 Qc6 45. Kb2 Nf6 46. Kb3 d5 47. c3 Qc4+ 48. Kb2 Ne4 49. Qe3 Nd6 50. Bd2 Qb5 51. Qd4 Nc4+ 52. Kb3 Qa6 53. Qxd5 Nb6 54. Qd4 Qa4+ 55. Kb2 Qb5 0-1


[Site "https://www.chess.com"]